Match 42534738
Unlisted

Match 42534738
End
Selects Italian Combined Arms Battlegroup
Selects Bersaglieri Squad
Kradschützen Motorcycle Team
Bersaglieri Squad
Bersaglieri Squad
Bersaglieri Squad
Construct Light Support Kompanie
Fire Support Elements
Combat Half-tracks
Panzerjäger Mechanized Group
Flakvierling Half-track
Vehicle Survival Package
Selects Semovente da 75/18 Assault Gun
Tungsten Core Ammunition
Advanced Field Repairs
Selects Carro Armato M13/40 Light Tank
Carro Armato M13/40 Light Tank
Panzerjäger Mechanized Group
Carro Armato M13/40 Light Tank
Selects Pact of Steel
Construct Mechanized Kompanie
Selects Bersaglieri Bolster
Carro Armato M13/40 Light Tank
Emergency Repair Kits
Carro Armato M13/40 Light Tank
Selects Breda Model 30 Light Machine Guns
Selects Vehicle Support - Force Recon
Carro Armato M13/40 Light Tank
Rapid Advance
Carro Armato M13/40 Light Tank
Carro Armato M13/40 Light Tank
Semovente da 75/18 Assault Gun
Lt_Stade
Tanith's Finest
General of the Felix Legions
jumperr
0
0

Comments sign in to comment!

No comments posted yet!